 Dungeon Crawl Stone Soup version 0.29-a0-529-gfa20dd96a1 (webtiles) character file.

Game seed: 6214592619276495911

95 jifgo the Insei (level 4, -1/29 HPs)
             Began as an Octopode Transmuter on June 2, 2022.
             Slain by Edmund
             ... wielding a +0 vorpal flail
              (3 damage)
             ... on level 4 of the Dungeon.
             The game lasted 00:04:17 (3316 turns).

jifgo the Insei (Octopode Transmuter)               Turns: 3316, Time: 00:04:17

Health: -1/29      AC:  2    Str: 11    XL:     4   Next: 65%
Magic:  5/8        EV: 19    Int: 15    God:
Gold:   216        SH:  0    Dex: 17    Spells: 2/8 levels left

rFire   . . .      SeeInvis +     - Unarmed
rCold   . . .      Faith    .   (shield currently unavailable)
rNeg    . . .      Spirit   .   (helmet currently unavailable)
rPois   x          Reflect  .   (no amulet)
rElec   .          Harm     .   d - ring of see invisible
rCorr   .          Rampage  .   (no ring)
Will    .....                   (no ring)
Stlth   ++........              (no ring)
HPRegen 0.09/turn               (no ring)
MPRegen 0.11/turn               (no ring)
                                (no ring)
                                (no ring)

@: spider-form (expiring)
A: venomous fangs, almost no armour, (amphibious), 8 rings, tiny, (camouflage
1), (gelatinous body 1), (nimble swimmer 1), (tentacles)
a: End Transformation


You were on level 4 of the Dungeon.
You were a venomous arachnid creature.
You visited 1 branch of the dungeon, and saw 4 of its levels.

You collected 216 gold pieces.

Inventory:

Missiles
 e - 2 boomerangs
 l - 3 poisoned darts
Magical Staves
 g - a staff of fire
Jewellery
 d - a ring of see invisible (left front leg)
Scrolls
 b - a scroll of blinking {unknown}
 c - 2 scrolls of identify {unknown}
 f - 3 scrolls of fog {unknown}
 i - 2 scrolls of noise {unknown}
 j - a scroll of fear {unknown}
 k - a scroll of amnesia {unknown}
 p - a scroll of magic mapping {unknown}
Potions
 a - a potion of lignification
 h - a potion of haste
 m - a potion of degeneration {unknown}
 n - a potion of mutation {unknown}
 o - a potion of brilliance {unknown}


   Skills:
 + Level 2.1 Fighting
 - Level 2.0 Dodging
 + Level 3.6 Unarmed Combat
 + Level 2.7 Spellcasting
 + Level 2.8 Transmutations
 + Level 0.9 Poison Magic


You had 2 spell levels left.
You knew the following spells:

 Your Spells              Type           Power      Damage    Failure   Level
a - Spider Form           Tmut/Pois      7%         N/A       50%         3
b - Wereblood             Tmut           10%        N/A       24%         2
x - Beastly Appendage     Tmut           20%        N/A       19%         1

Your spell library contained the following spells:

 Spells                   Type           Power      Damage    Failure   Level
 Necrotize                Necr           8%         1d4       41%         1
 Ensorcelled Hibernation  Hex/Ice        4%         N/A       52%         2
 Ozocubu's Armour         Ice            2%         N/A       73%         3
 Vampiric Draining        Necr           2%         2d6       73%         3
 Ice Form                 Ice/Tmut       6%         N/A       89%         4
 Anguish                  Hex/Necr       1%         N/A       97%         4
 Agony                    Necr           2%         N/A       100%        5
 Metabolic Englaciation   Hex/Ice        1%         N/A       100%        5
 Simulacrum               Ice/Necr       1%         N/A       100%        6


Dungeon Overview and Level Annotations

Branches:
Dungeon (4/15)
 Temple: D:4-7

Altars:

Annotations:
D:4 Edmund


Innate Abilities, Weirdness & Mutations

You are a venomous arachnid creature.
You have poisonous fangs.
You are tiny and dextrous.
Your spellcasting is less reliable in this form.
Your armour is entirely melded.
You are incapable of wielding weapons or throwing items.
You cannot wear most types of armour.
((You are amphibious.))
You can wear up to eight rings at the same time.
((Your skin changes colour to match your surroundings (Stealth+).))
((Your rubbery body absorbs attacks. (AC +1, EV +1)))
((You are camouflaged when in or above water. (Stealth+)))
((You have tentacles for arms and can constrict up to eight enemies at once.))


Message History

You constrict the kobold, but do no damage.
The kobold misses you.
You tentacle-slap the kobold.
You kill the kobold!
Things that are here:
a +0 whip; a stone; a +0 chain mail You start resting.
Magic restored.
Your transformation is almost over.
Your tentacle spike disappears.
HP restored.
Found a transparent robe.
p - a scroll labelled VUJIUR EPETH You pick up a book of Winter and begin reading...
You add the spells Ozocubu's Armour, Metabolic Englaciation and Simulacrum to your library.
Edmund the Younger comes into view.
He is wielding a +0 vorpal flail.
Casting: Beastly Appendage (safe; 7% risk of failure)
Confirm with . or Enter, or press ? or * to list all spells.
The spell is extremely dangerous to miscast (28% risk of failure)!
Continue anyway?
You turn into a venomous arachnid creature.
Found an embroidered hat.
Edmund shouts!
Found a stone staircase leading down.
Edmund hits you with a +0 vorpal flail.
You hit Edmund.
Edmund is poisoned.
Edmund is lightly wounded.
Edmund misses you.
You hit Edmund.
Edmund is lightly wounded.
Your transformation is almost over.
Edmund barely misses you.
You completely miss Edmund.
Edmund is lightly wounded.
Edmund hits you with a +0 vorpal flail!
* * * LOW HITPOINT WARNING * * *
* * * LOW HITPOINT WARNING * * *
You hit Edmund but do no damage.
Edmund looks as sick as possible!
Edmund is lightly wounded.
Edmund hits you with a +0 vorpal flail!
* * * LOW HITPOINT WARNING * * *
You die...

...........#
..........##
..........#
.........##
......#..#
....#..##
...##..#
..###..##
#......s#
.....##.@.#
.#### ##....
.......
......[.#
.........#
..........
....>......


You could see Edmund (extremely poisoned).

Vanquished Creatures
  3 adders
  3 dart slugs
  2 orcs (D:3)
  2 ball pythons
  7 endoplasms
  3 giant cockroaches
  5 goblins
  7 hobgoblins
  4 jackals (D:1)
  6 kobolds
  2 quokkas (D:2)
  5 bats
  A frilled lizard (D:3)
  3 rats
53 creatures vanquished.

Notes
Turn   | Place    | Note
-------+----------+-------------------------------------------
     0 | D:1      | jifgo the Octopode Transmuter began the quest for the Orb.
     0 | D:1      | Reached XP level 1. HP: 13/13 MP: 3/3
   245 | D:1      | Reached XP level 2. HP: 14/18 MP: 5/5
   300 | D:1      | Learned a level 2 spell: Wereblood
   707 | D:1      | Found a faded altar of an unknown god.
  1236 | D:2      | Reached XP level 3. HP: 23/23 MP: 6/6
  1506 | D:2      | HP: 1/24 [poisoned by an adder]
  1807 | D:2      | Learned a level 3 spell: Spider Form
  1826 | D:2      | Reached XP level 4. HP: 29/29 MP: 5/7
  3307 | D:4      | Noticed Edmund
  3316 | D:4      | Slain by Edmund

Illustrated notes

Levels and vault maps discovered:
D:1:      lightli_arrival_windingriver, layout_loops_ring,
          hellmonk_ecumenical_altar_slurped_away, minmay_crystal_room,
          minmay_box_of_dots
D:2:      layout_basic
D:3:      layout_loops_ring, minmay_misc_feat_cross, minmay_misc_feat_roman
D:4:      layout_cave_pods, kennysheep_mini, serial_shops, shop,
          minmay_misc_feat_iff, uniq_edmund

Skill      XL: |  1  2  3 |
---------------+----------+-----
Fighting       | 2 |  2.1
Dodging        | |  2.0
Unarmed Combat | |  3.6
Spellcasting   | |  2.7
Transmutations | |  2.8
Poison Magic   | |  0.9

Action                   |  1- 3 |  4- 6 || total
-------------------------+-------+-------++-------
Melee: Unarmed           |    66 |    49 ||   115
       Kick              |    12 |    12 ||    24
       Constrict         |    12 |    10 ||    22
       Tentacles         |    12 |     6 ||    18
       Punch             |       |     1 ||     1
 Cast: Beastly Appendage |    13 |    18 ||    31
       Wereblood         |     1 |     1 ||     2
       Spider Form       |       |     1 ||     1
 Stab: Sleeping          |     3 |     4 ||     7
Armor: Skin              |     5 |     2 ||     7
Dodge: Dodged            |    42 |    26 ||    68

Table legend: (Time is in decaauts)
 A = Elapsed time spent in this place.
 B = Non-inter-level travel time spent in this place.
 C = Inter-level travel time spent in this place.
 D = Time resting spent in this place.
 E = Time spent auto-exploring this place.
 F = Levels seen in this place.
 G = Mean time per level.
                   A        B        C        D        E       F      G
               +--------+--------+--------+--------+--------+-----+--------+
         Total |   3307 |   3224 |     83 |    614 |   2135 |   4 |  826.8 |
       Dungeon |   3307 |   3224 |     83 |    614 |   2135 |   4 |  826.8 |
               +--------+--------+--------+--------+--------+-----+--------+

Top non-repeatable levels by time:
     D:1: 1179 daAuts
     D:3: 1052 daAuts
     D:2: 841 daAuts
     D:4: 233 daAuts
